 Dungeon Crawl Stone Soup version 0.30-a0-1053-gbd8d5ba0ad (webtiles) character file.

Game seed: 7654718544201471459

560 gelatine the Chopper (level 7, -1/54 HPs)
             Began as a Demonspawn Fighter on Apr 12, 2023.
             Was a Believer of Sif Muna.
             Slain by a black bear (3 damage)
             ... on level 4 of the Dungeon.
             The game lasted 00:10:32 (3200 turns).

gelatine the Chopper (Demonspawn Fighter)           Turns: 3200, Time: 00:10:33

Health: -1/54      AC: 11    Str: 18    XL:     7   Next: 9%
Magic:  7/7        EV:  9    Int:  9    God:    Sif Muna [**....]
Gold:   165        SH:  5    Dex: 13    Spells: 7/7 levels left

rFire   . . .      SeeInvis .    a - +0 war axe
rCold   . . .      Faith    .    c - +0 buckler
rNeg    . . .      Spirit   .    b - +0 scale mail
rPois   .          Reflect  .    (helmet restricted)
rElec   .          Rampage  .    k - +2 cloak
rCorr   .                        n - +0 pair of gloves
Will    .....                    (no boots) Stlth
                                 (no amulet)
HPRegen 0.29/turn                (no ring)
MPRegen 0.10/turn                (no ring)

@: no status effects
A: antennae 2, weakness stinger 2, demonic touch 1
a: Renounce Religion, Channel Magic


You were on level 4 of the Dungeon.
You worshipped Sif Muna.
Sif Muna was pleased with you.
You visited 1 branch of the dungeon, and saw 4 of its levels.

You collected 165 gold pieces.

Inventory:

Hand Weapons
 a - a +0 war axe (weapon)
Missiles
 j - 4 javelins (quivered)
Armour
 b - a +0 scale mail (worn)
 c - a +0 buckler (worn)
 k - a +2 cloak (worn)
 n - a +0 pair of gloves (worn)
Scrolls
 g - 3 scrolls of enchant weapon
 h - 3 scrolls of teleportation
 o - a scroll of noise {unknown}
 q - a scroll of vulnerability {unknown}
 r - 2 scrolls of blinking {unknown}
 s - a scroll of butterflies {unknown}
 t - a scroll of identify
Potions
 d - a potion of might
 e - a potion of magic
 f - a potion of lignification
 i - 2 potions of heal wounds
 l - 2 potions of haste {unknown}
 m - a potion of flight {unknown}
 p - 4 potions of curing {unknown}


   Skills:
 * Level 4.2 Fighting
 * Level 4.8 Axes
 + Level 0.1 Throwing
 * Level 3.8 Armour
 * Level 1.8 Dodging
 + Level 0.6 Stealth
 * Level 3.3 Shields
 * Level 0.6 Spellcasting
 * Level 1.2 Invocations


You had 7 spell levels left.
You didn't know any spells.
Your spell library contained the following spells:

 Spells                   Type           Power      Damage    Failure   Level
 Vhi's Electric Charge    Tloc/Air       0%         N/A       99%         3
 Arcjolt                  Conj/Air       0%         1d10      100%        5
 Maxwell's Capacitive Co  Air            0%         ∞         100%        8


Dungeon Overview and Level Annotations

Branches:
Dungeon (4/15)
 Temple: D:4-7

Altars:
Kikubaaqudgha
Sif Muna

Shops:
D:1 (   D:2 [:

Annotations:
D:4 2 transporters, hgbash's ghost, weakling MiFi


Innate Abilities, Weirdness & Mutations

You have a pair of antennae on your head.
You have a tail ending in a sharp stinger.
Your touch may inflict minor irresistible damage on your foes.


Message History

* * * LOW HITPOINT WARNING * * *
The black bear closely misses you.
The black bear claws you but does no damage.
The orc hits you but does no damage. The ogre attacks as you move away!
The ogre barely misses you. The orc attacks as you move away!
The orc hits you but does no damage. The orc barely misses you.
You block the orc's attack. The orc attacks as you move away!
The orc barely misses you.
The black bear attacks as you move away!
The black bear bites you but does no damage.
The black bear barely misses you. You block the black bear's attack.
The black bear attacks as you move away!
The black bear bites you but does no damage.
The black bear claws you but does no damage.
You block the black bear's attack. The orc attacks as you move away!
The orc hits you with a +0 dagger.
* * * LOW HITPOINT WARNING * * *
The black bear attacks as you move away!
The black bear barely misses you. The black bear claws you.
* * * LOW HITPOINT WARNING * * *
The black bear claws you but does no damage.
The black bear attacks as you move away!
The black bear bites you but does no damage.
The black bear barely misses you. The black bear misses you.
The black bear attacks as you move away!
The black bear bites you.
* * * LOW HITPOINT WARNING * * *
The black bear claws you but does no damage.
The black bear claws you.
* * * LOW HITPOINT WARNING * * *
The black bear attacks as you move away!
The black bear bites you.
* * * LOW HITPOINT WARNING * * *
The black bear closely misses you.
The black bear claws you but does no damage.
The black bear attacks as you move away!
The black bear bites you but does no damage.
The black bear claws you.
You die...

#.#...#...>. ... .####...##
......# #.# #...# ..#...### #.#
#...# ........######## #.# #...#
###...##...O.# #.# ##.##
#.......O.##.# #.# ####.###
.....)#)....##o###.#######.......
..#...........oh..............##.
..#.##.#.#...##@####.........##.
..............##.# #...##.#..##.
......#...#...##.##..........#...
......(......##.##.#...#.#...###
#.......#.#.#.##.................
#.........##......#.###.#.###
.........#..##.###.###.#.# #
..........###.<.#.....#.### #
###.#####.....#


You could see a black bear, an ogre and 2 orcs.

Vanquished Creatures
  Sigmund (D:2)
  A phantom (D:4)
  2 hounds (D:4)
  An orc priest (D:4)
  A sleepcap (D:4)
  Natasha (thrice) (D:2)
  4 adders
  5 worms
  2 dart slugs
  6 orcs
  7 bats
  6 endoplasms
  2 giant cockroaches
  9 hobgoblins
  6 jackals
  4 kobolds
  3 quokkas
  6 ball pythons
  4 frilled lizards (D:2)
  7 goblins
  7 rats
87 creatures vanquished.

Vanquished Creatures (others)
  36 plants (D:1)
36 creatures vanquished.

Grand Total: 123 creatures vanquished

Notes
Turn   | Place    | Note
-------+----------+-------------------------------------------
     0 | D:1      | gelatine the Demonspawn Fighter began the quest for the
                  | Orb.
     0 | D:1      | Reached XP level 1. HP: 18/18 MP: 1/1
   172 | D:1      | Found Jatibot's Antique Weapon Emporium.
   188 | D:1      | Discovered your monstrous ancestry.
   188 | D:1      | Gained mutation: You have a small tail. [demonic ancestry]
   188 | D:1      | Reached XP level 2. HP: 19/24 MP: 2/2
   580 | D:2      | Found Woho's Antique Armour Shoppe.
   613 | D:2      | Gained mutation: You have a pair of small antennae on your
                  | head. [demonic ancestry]
   613 | D:2      | Reached XP level 3. HP: 29/29 MP: 3/3
   748 | D:2      | Noticed Sigmund
   761 | D:2      | Killed Sigmund
   762 | D:2      | Reached skill level 1 in Dodging
   762 | D:2      | Gained mutation: Your touch may inflict minor irresistible
                  | damage on your foes. [demonic ancestry]
   762 | D:2      | Reached XP level 4. HP: 25/37 MP: 4/4
   762 | D:2      | Reached XP level 5. HP: 29/42 MP: 5/5
   981 | D:2      | Found Effyurr's Book Shop.
  1279 | D:2      | Noticed Natasha
  1286 | D:2      | Killed Natasha
  1409 | D:2      | Noticed Natasha
  1424 | D:2      | Killed Natasha
  1817 | D:2      | Noticed Natasha
  1836 | D:2      | Killed Natasha
  1837 | D:2      | Gained mutation: You have a tail ending in a sharp stinger.
                  | [demonic ancestry]
  1837 | D:2      | Reached XP level 6. HP: 40/48 MP: 6/6
  1897 | D:3      | Found a faded altar of an unknown god.
  1941 | D:3      | Prayed at the altar of an unknown god.
  1941 | D:3      | Became a worshipper of Sif Muna the Loreminder
  1941 | D:3      | Reached * piety under Sif Muna
  2176 | D:3      | Found an ancient bone altar of Kikubaaqudgha.
  2801 | D:4      | Reached ** piety under Sif Muna
  2873 | D:4      | Found a transporter.
  2877 | D:4      | Noticed hgbash's ghost (weakling MiFi)
  2943 | D:4      | Found a transporter.
  3003 | D:4      | Reached skill level 1 in Invocations
  3062 | D:4      | Gained mutation: You have a pair of antennae on your head.
                  | [demonic ancestry]
  3062 | D:4      | Reached XP level 7. HP: 54/54 MP: 7/7
  3197 | D:4      | HP: 2/54 [black bear (1)]
  3200 | D:4      | Slain by a black bear

Illustrated notes

Levels and vault maps discovered:
D:1:      roderic_crop_circles_arrival_small, layout_rooms, serial_shops,
          nicolae_diamond_shop, nrook_loot_triangle, nicolae_wormholes
D:2:      layout_loops_corners, serial_shops, shop, shop_fountains,
          minmay_misc_feat_encased, uniq_natasha, uniq_sigmund
D:3:      layout_basic, mainiacjoe_overflow_paths,
          hellmonk_ecumenical_altar_run_dry, grunt_ministairs_7,
          minmay_increasing_density
D:4:      layout_loops_cross, serial_shops, nicolae_shop_stone,
          gammafunk_ghost_arena, serial_park_tiny_2, minmay_misc_feat_plants,
          minmay_misc_feat_x, hangedman_decor_lopped, grunt_ministairs_14,
          minmay_splitting_lines

Skill      XL: |  1  2  3  4  5  6 |
---------------+-------------------+-----
Axes           | 2 3 4 |  4.8
Armour         | 3 |  3.8
Dodging        | 1 |  1.8
Shields        | 3 |  3.3
Fighting       | 4 |  4.2
Invocations    | 1 |  1.2
Throwing       | |  0.1
Stealth        | |  0.6
Spellcasting   | |  0.6

Action                     |  1- 3 |  4- 6 |  7- 9 || total
---------------------------+-------+-------+-------++-------
  Melee: War axe           |    79 |   156 |    11 ||   246
         Tailslap          |     7 |    15 |     1 ||    23
  Throw: Javelin           |       |    12 |       ||    12
    Use: Scroll            |       |     7 |       ||     7
 Armour: Scale mail        |    47 |    99 |    24 ||   170
  Dodge: Dodged            |    44 |    67 |    16 ||   127
  Block: Buckler           |    10 |    42 |     8 ||    60

Table legend: (Time is in decaauts)
 A = Elapsed time spent in this place.
 B = Non-inter-level travel time spent in this place.
 C = Inter-level travel time spent in this place.
 D = Time resting spent in this place.
 E = Time spent auto-exploring this place.
 F = Levels seen in this place.
 G = Mean time per level.
                   A        B        C        D        E       F      G
               +--------+--------+--------+--------+--------+-----+--------+
         Total |   3305 |   3088 |    217 |      0 |   2171 |   4 |  826.2 |
       Dungeon |   3305 |   3088 |    217 |      0 |   2171 |   4 |  826.2 |
               +--------+--------+--------+--------+--------+-----+--------+

Top non-repeatable levels by time:
     D:2: 1358 daAuts
     D:3: 916 daAuts
     D:1: 580 daAuts
     D:4: 449 daAuts
